 Dungeon Sprint DCSS version 0.30-a0-373-gd37427bb62 (webtiles) character file.

Game seed: 3018975944911808326

10920 boopmooplesden the Fencer (level 11, -2/116 HPs)
             Began as a Minotaur Berserker on Nov 23, 2022.
             Was a High Priest of Trog.
             Killed by a guardian mummy's death curse (12 damage)
             ... in the Dungeon (Sprint VII: "The Pits").
             The game lasted 00:04:47 (1993 turns).

boopmooplesden the Fencer (Minotaur Berserker)      Turns: 1993, Time: 00:04:48

Health: -2/116     AC: 26    Str: 24    XL:     11   Next: 42%
Magic:  10/10      EV: 12    Int:  4    God:    Trog [*****.]
Gold:   6          SH:  0    Dex: 15    Spells: 10/10 levels left

rFire   . . .      SeeInvis .    b - +3 great sword (vorpal)
rCold   . . .      Faith    .    (shield currently unavailable)
rNeg    . . .      Spirit   .    s - +3 plate armour
rPois   .          Reflect  .    (helmet restricted)
rElec   .          Harm     .    t - +0 cloak
rCorr   .          Rampage  .    (no gloves)
Will    ++...      NoTele   +    (no boots)
Stlth   ..........               (no amulet)
HPRegen 1.39/turn                o - +3 ring of strength
MPRegen 0.12/turn                p - +3 ring of protection

@: lethally poisoned (-2 -> -8), strong-willed, regenerating, hasted and slowed
A: horns 2, retaliatory headbutt
a: Renounce Religion, Berserk, Trog's Hand, Brothers in Arms


You were in the Dungeon.
You worshipped Trog.
Trog was extremely pleased with you.
You visited 1 branch You collected 6 gold pieces.

Inventory:

Hand Weapons
 a - a +0 falchion
 b - a +3 vorpal great sword (weapon)
 i - a +2 falchion
 l - a +1 long sword of holy wrath
 n - a +1 battleaxe of flaming
 r - a +2 scimitar of flaming
 u - a +0 great sword of flaming
Armour
 m - a +0 troll leather armour
 s - a +3 plate armour (worn)
 t - a +0 cloak (worn)
Jewellery
 o - a +3 ring of strength (left hand)
 p - a +3 ring of protection (right hand)
Wands
 k - a wand of roots (8)
Potions
 c - 8 potions of curing
 d - 4 potions of heal wounds
 e - a potion of haste
 f - 4 potions of magic
 g - 3 potions of berserk rage
 j - 2 potions of invisibility
 q - 3 potions of might


   Skills:
 + Level 16.7 Fighting
 + Level 20.8 Long Blades
 + Level 18.1 Armour
 + Level 9.9 Dodging
 + Level 3.5 Stealth


You had 10 spell levels left.
You didn't know any spells.
Your spell library was empty.

Dungeon Overview and Level Annotations

Branches:
Dungeon (1/1)

Altars:

Annotations:
D Joseph, Sonja


Innate Abilities, Weirdness & Mutations

You have a pair of horns on your head.
You reflexively headbutt those who attack you in melee.


Message History

You headbutt the boulder beetle!
You kill the boulder beetle!
Trog accepts your kill.
You recover from your berserk rage.
You feel very sick.
Sonja zaps a wand.
You resist with almost no effort. The guardian mummy barely misses you.
You furiously retaliate!
You headbutt the guardian mummy. The wight closely misses you.
You furiously retaliate!
You headbutt the wight! The wight hits you but does no damage.
Sonja hits you but does no damage. Space warps horribly around you!!
* * * LOW HITPOINT WARNING * * *
Sonja hits you but does no damage. Space warps around you.
* * * LOW HITPOINT WARNING * * *
Sonja barely misses you.
There is an open door, spattered with blood here.
Things that are here:
a +0 short sword; a +0 robe; a spriggan corpse You feel very sick.
Sonja throws a curare-tipped dart.
The curare-tipped dart hits you.
You are more poisoned.
You have difficulty breathing.
* * * LOW HITPOINT WARNING * * *
You feel as though you will be slow longer.
Your iron troll goes berserk!
You feel very sick. The wight closely misses you.
The guardian mummy completely misses you.
You hit the guardian mummy. You headbutt the guardian mummy!
The guardian mummy is moderately damaged.
You feel very sick. The wight hits you but does no damage.
Sonja mumbles some strange words.
Sonja blinks!
You slice the guardian mummy!!
You destroy the guardian mummy!
Trog accepts your kill.
You feel extremely nervous for a moment...
Pain shoots through your body!
You die...

##................#
#####'#####''#####
##.......##''##### ###########
##.......##......# #.........#
##.......##......# #.......#
##...<...###....## ####)..######
##.......# ##''## ###..')).)..##.
##.......###)...###....##'##.B...
##.......##.....@#.z..##...##....
###########...T..)§z..'.....+...)
###########......#zz).##..†##...§
....#.[[.###....###....##)##..B@)
....#..[[# ##''## ###..')).'M.##†
)...'...)###....## ####...######
....#..))##......# #.......#
....#..))##......# #.........#
################## ###########


You could see 3 wights and a friendly iron troll (summoned, berserk).

Vanquished Creatures
  A boulder beetle (D)
  A bog body (D)
  A flayed ghost (D)
  A sea snake (D)
  2 swamp dragons (D)
  4 deep trolls (D)
  An elephant (D)
  A manticore (D)
  A guardian serpent (D)
  Maurice (D)
  2 gargoyles (D)
  An unseen horror (D)
  A guardian mummy (D)
  A komodo dragon (D)
  A polar bear (D)
  4 dream sheep (D)
  A ynoxinul (D)
  A spriggan (D)
  A redback (D)
  An acid dragon (D)
  A black bear (D)
  An ogre (D)
  A gnoll sergeant (D)
  2 scorpions (D)
  8 wights (D)
  A quasit (D)
  3 gnolls (D)
  An adder (D)
  A white imp (D)
  2 ufetubi (D)
  An adder skeleton (D)
  A worm (D)
  An orc (D)
  3 giant cockroaches (D)
  A goblin (D)
  2 hobgoblins (D)
  3 jackals (D)
  2 kobolds (D)
  3 ball pythons (D)
  A bat (D)
  A bat simulacrum (D)
68 creatures vanquished.

Vanquished Creatures (collateral kills)
  An emperor scorpion (D)
  A water moccasin (D)
  2 gnolls (D)
4 creatures vanquished.

Grand Total: 72 creatures vanquished

Notes
Turn   | Place    | Note
-------+----------+-------------------------------------------
     0 | D        | boopmooplesden the Minotaur Berserker began the quest for
                  | the Orb.
     0 | D        | Reached XP level 1. HP: 19/19 MP: 0/0
    11 | D        | Reached skill level 4 in Long Blades
    48 | D        | Reached ** piety under Trog
    52 | D        | Noticed a scorpion
    57 | D        | Killed a scorpion
    58 | D        | Reached skill level 6 in Long Blades
    58 | D        | Reached XP level 2. HP: 27/31 MP: 1/1
    58 | D        | Reached XP level 3. HP: 33/38 MP: 2/2
    61 | D        | Noticed a scorpion
    67 | D        | Reached *** piety under Trog
    68 | D        | Reached XP level 4. HP: 45/45 MP: 3/3
    70 | D        | Killed a scorpion
    71 | D        | Reached skill level 8 in Long Blades
    71 | D        | Reached skill level 1 in Stealth
    77 | D        | Reached XP level 5. HP: 53/53 MP: 4/4
   135 | D        | Noticed a black bear
   143 | D        | Killed a black bear
   144 | D        | Reached skill level 10 in Long Blades
   144 | D        | Reached skill level 5 in Armour
   144 | D        | Reached skill level 5 in Dodging
   147 | D        | Reached **** piety under Trog
   170 | D        | Noticed a water moccasin
   179 | D        | Noticed a swamp dragon
   180 | D        | Reached XP level 6. HP: 40/63 MP: 5/5
   186 | D        | Killed a water moccasin
   187 | D        | Reached skill level 11 in Long Blades
   192 | D        | Reached ***** piety under Trog
   193 | D        | Reached skill level 10 in Fighting
   202 | D        | Killed a swamp dragon
   203 | D        | Reached skill level 13 in Long Blades
   203 | D        | Reached XP level 7. HP: 49/74 MP: 4/6
   210 | D        | Received a gift from Trog
   359 | D        | Reached XP level 8. HP: 52/82 MP: 7/7
   477 | D        | Noticed a flayed ghost
   477 | D        | Noticed a gargoyle
   488 | D        | Killed a flayed ghost
   489 | D        | Reached skill level 14 in Long Blades
   490 | D        | Killed a gargoyle
   491 | D        | Reached skill level 15 in Long Blades
   648 | D        | Noticed a deep troll
   664 | D        | Killed a deep troll
   665 | D        | Reached XP level 9. HP: 34/92 MP: 8/8
   666 | D        | Reached skill level 16 in Long Blades
   951 | D        | Noticed a deep troll
   951 | D        | Noticed a sea snake
   957 | D        | Killed a deep troll
   957 | D        | Reached ****** piety under Trog
   957 | D        | Received a gift from Trog
   959 | D        | Killed a sea snake
  1210 | D        | Noticed a deep troll
  1214 | D        | Killed a deep troll
  1215 | D        | Reached skill level 17 in Long Blades
  1215 | D        | Reached XP level 10. HP: 102/102 MP: 9/9
  1247 | D        | Noticed Maurice
  1252 | D        | Reached skill level 15 in Armour
  1254 | D        | Noticed a manticore
  1255 | D        | Received a gift from Trog
  1265 | D        | Killed a manticore
  1294 | D        | Killed Maurice
  1477 | D        | Noticed a gargoyle
  1479 | D        | Noticed a swamp dragon
  1486 | D        | Killed a gargoyle
  1487 | D        | Reached skill level 18 in Long Blades
  1487 | D        | Noticed a guardian serpent
  1493 | D        | Killed a guardian serpent
  1496 | D        | Killed a swamp dragon
  1863 | D        | Noticed a bog body
  1869 | D        | Received a gift from Trog
  1870 | D        | Reached skill level 15 in Fighting
  1873 | D        | Reached skill level 19 in Long Blades
  1877 | D        | Killed a bog body
  1878 | D        | Reached XP level 11. HP: 113/113 MP: 10/10
  1880 | D        | Received a gift from Trog
  1924 | D        | Noticed Sonja
  1932 | D        | Noticed a deep troll
  1946 | D        | Killed a deep troll
  1947 | D        | Reached skill level 20 in Long Blades
  1949 | D        | Received a gift from Trog
  1950 | D        | Noticed an emperor scorpion
  1950 | D        | Noticed Joseph
  1950 | D        | Noticed a boulder beetle
  1975 | D        | Killed an emperor scorpion
  1988 | D        | Killed a boulder beetle
  1993 | D        | Killed by a guardian mummy's death curse

Illustrated notes

Levels and vault maps discovered:
D:        pitsprint [storerooms_1, entrance_room_1, metal_vault_2, armoury_2,
          mini_pit_1, grid_room_1, main_hall_1, silver_pit, the_coven_1,
          the_vestibule_1, steel_vault_2, golden_pit, hallway_of_sentries,
          crystal_vault_6, iron_vault_5, final_vault]

Skill      XL: |  1  2  3  4  5  6  7  8  9 10 11 |
---------------+----------------------------------+-----
Fighting       | 6 8 9 11 12 13 15 16 | 16.7
Long Blades    | 6 8 10 13 15 17 19 20 | 20.8
Armour         | 3 4 5 9 12 14 17 18 | 18.1
Dodging        | 3 4 5 7 8 9 |  9.9
Stealth        | 1 2 3 |  3.5

Action                   |  1- 3 |  4- 6 |  7- 9 | 10-12 || total
-------------------------+-------+-------+-------+-------++-------
Melee: Falchion          |    11 |     6 |       |       ||    17
       Headbutt          |     2 |    10 |     7 |    30 ||    49
       Long sword        |       |    34 |    19 |       ||    53
       Scimitar          |       |       |    29 |       ||    29
       Great sword       |       |       |     3 |   103 ||   106
Invok: Berserk           |     1 |     2 |     4 |     3 ||    10
       Brothers in Arms  |       |     1 |       |     2 ||     3
       Trog's Hand       |       |       |       |     1 ||     1
  Use: Potion            |       |       |       |     4 ||     4
       Scroll            |       |       |       |     1 ||     1
 Stab: Sleeping          |     1 |       |       |       ||     1
Armor: Animal skin       |     4 |     3 |       |       ||     7
       Chain mail        |       |    29 |     4 |       ||    33
       Plate armour      |       |       |    25 |   125 ||   150
Dodge: Dodged            |     4 |    25 |    29 |    65 ||   123

Table legend: (Time is in decaauts)
 A = Elapsed time spent in this place.
 B = Non-inter-level travel time spent in this place.
 C = Inter-level travel time spent in this place.
 D = Time resting spent in this place.
 E = Time spent auto-exploring this place.
 F = Levels seen in this place.
 G = Mean time per level.
                   A        B        C        D        E       F      G
               +--------+--------+--------+--------+--------+-----+--------+
         Total |   2036 |   2036 |      0 |   1425 |      0 |   1 | 2036.0 |
       Dungeon |   2036 |   2036 |      0 |   1425 |      0 |   1 | 2036.0 |
               +--------+--------+--------+--------+--------+-----+--------+

Top non-repeatable levels by time:
       D: 2036 daAuts
